Map: Berlingrad LE

Players

Pumba - Winner!

  • Race: Protoss Protoss
  • League: Platinum
  • Spawn Location: 5:00

TrungNgoSC

  • Race: Terran Terran
  • Spawn Location: 11:00

VOD

Have the link to the VOD?

Description

Time

  • Played on: Feb. 8, 2022, 8:36 p.m.
  • Length: 9:45
Show
View Real Time Build Order
Export as new Build Order

Pumba Protoss - Winner!

Build Orders: 1 Gate Expand, Phoenix Opening 

Get SALT Encoding   

  12  0:01  Probe  
  13  0:13  Probe  
  14  0:26  Pylon  
  14  0:30  Probe  
  15  0:44  Probe (Chrono Boost)  
  15  0:48  Gateway  
  16  0:56  Assimilator, Probe (Chrono Boost)  
  17  1:03  Probe (Chrono Boost)  
  18  1:10  Probe  
  19  1:22  Probe  
  20  1:32  Nexus  
  20  1:42  Probe  
  21  1:48  Cybernetics Core  
  22  1:54  Probe  
  22  1:56  Assimilator  
  22  2:03  Pylon  
  22  2:06  Probe  
  23  2:21  Adept (Chrono Boost), Probe  
  26  2:32  Stargate  
  26  2:36  Probe  
  28  2:53  Adept (Chrono Boost), Probe (Chrono Boost)  
  28  2:55  Probe (Chrono Boost), Warp Gate  
  31  3:03  Probe (Chrono Boost)  
  31  3:05  Probe (Chrono Boost)  
  33  3:10  Probe  
  34  3:15  Probe  
  34  3:17  Phoenix (Chrono Boost)  
  34  3:18  Pylon  
  37  3:22  Probe  
  37  3:27  Probe  
  40  3:34  Probe  
  40  3:36  Phoenix  
  40  3:40  Probe (Chrono Boost)  
  43  3:46  Probe (Chrono Boost)  
  44  3:51  Pylon  
  44  3:54  Adept  
  48  3:56  Probe x2 (Chrono Boost)  
  48  4:00  Gateway  
  48  4:01  Gateway, Probe (Chrono Boost)  
  48  4:03  Probe  
  48  4:08  Phoenix (Chrono Boost)  
  52  4:12  Probe  
  52  4:15  Probe  
  54  4:25  Probe  
  54  4:26  Phoenix (Chrono Boost)  
  54  4:27  Probe  
  58  4:43  Probe  
  58  4:44  Nexus  
  59  4:46  Pylon  
  59  4:47  Probe  
  59  4:49  Phoenix  
  62  4:58  Twilight Council  
  62  4:59  Forge  
  62  5:04  Probe x2  
  64  5:14  Pylon  
  64  5:16  Probe x2  
  66  5:28  Probe  
  67  5:40  Protoss Ground Weapons Level 1 (Chrono Boost)  
  67  5:41  Pylon, Charge  
  67  5:43  Zealot x3  
  67  5:44  Probe  
  67  5:45  Probe  
  75  5:54  Pylon  
  75  5:56  Probe  
  77  5:57  Probe  
  77  5:59  Gateway  
  77  6:01  Gateway  
  77  6:05  Gateway  
  77  6:07  Gateway  
  77  6:08  Gateway  
  77  6:15  Gateway  
  77  6:17  Gateway  
  77  6:18  Gateway  
  77  6:20  Pylon  
  77  6:22  Sentry  
  77  6:23  Zealot x2  
  83  6:43  Probe  
  83  6:44  Probe, Zealot x2  
  87  7:13  Zealot x4  
  87  7:14  Zealot x7  
  109  7:36  Zealot  
  109  7:37  Zealot x3  
  115  7:41  Pylon  
  115  7:42  Pylon  
  115  7:44  Pylon  
  117  7:48  Pylon  
  117  7:52  Pylon  
  117  7:53  Pylon x2  
  117  7:55  Pylon  
  117  7:57  Pylon  
  117  7:59  Pylon  
  117  8:05  Zealot x3  
  119  8:06  Zealot x8  
  141  8:14  Phoenix (Chrono Boost)  
  141  8:20  Probe  
  142  8:30  Phoenix (Chrono Boost)  
  142  8:32  Robotics Facility  
  144  8:37  Nexus  
  144  8:46  Pylon, Zealot  
  144  8:47  Zealot x8, Nexus  
  162  8:51  Pylon  
  162  8:54  Pylon  
  162  8:58  Pylon  
  162  9:00  Zealot x2  
  166  9:07  Pylon  
  166  9:10  Zealot x5  
  166  9:11  Zealot x3  
  166  9:12  Pylon  
  182  9:18  Pylon  
Show
View Real Time Build Order
Export as new Build Order

TrungNgoSC Terran 

Build Orders: Reaper Expand 

Get SALT Encoding   

  12  0:01  SCV  
  13  0:13  SCV  
  14  0:18  Supply Depot  
  14  0:25  SCV  
  15  0:40  SCV  
  15  0:41  Barracks  
  16  0:45  Refinery  
  16  0:52  SCV  
  17  1:04  SCV  
  18  1:31  Orbital Command, Reaper  
  19  1:39  Command Center  
  19  1:49  Supply Depot  
  19  2:03  Marine  
  19  2:08  Factory  
  20  2:11  Refinery  
  20  2:13  SCV  
  21  2:21  Bunker  
  21  2:23  Marine  
  21  2:27  SCV  
  23  2:39  SCV  
  23  2:41  Marine  
  25  2:57  Widow Mine  
  25  2:58  Starport  
  26  3:03  Marine  
  26  3:05  Orbital Command  
  27  3:07  SCV  
  28  3:18  Widow Mine  
  28  3:19  SCV  
  31  3:24  Barracks Tech Lab  
  30  3:47  Medivac  
  32  3:52  SCV x2, Fusion Core  
  34  4:04  Command Center  
  34  4:08  Barracks Tech Lab  
  34  4:09  Siege Tank  
  37  4:14  SCV  
  37  4:15  SCV  
  39  4:20  Refinery  
  36  4:57  Engineering Bay  
  36  4:58  Barracks Reactor  
  36  5:05  SCV x2  
  44  5:17  SCV  
  44  5:18  SCV  
  42  5:39  Missile Turret  
  42  5:42  Siege Tank  
  45  5:45  Raven  
  45  5:46  Marine x2  
  43  5:50  Missile Turret  
  43  5:56  Refinery  
  43  6:00  Orbital Command  
  43  6:05  Hi-Sec Auto Tracking  
  43  6:10  Engineering Bay  
  43  6:14  SCV  
  43  6:15  SCV  
  45  6:27  SCV x2  
  45  6:28  Missile Turret  
  41  6:46  Barracks  
  41  6:49  Barracks x2  
  41  6:50  Barracks  
  41  6:52  SCV x3  
  41  7:04  SCV x3  
  40  7:29  SCV x3  
  43  7:33  Terran Infantry Weapons Level 1, Terran Infantry Armor Level 1, Missile Turret  
  43  7:35  Mag-Field Accelerator  
  43  7:36  Cyclone  
  46  7:38  Medivac  
  46  7:41  SCV x3, Barracks Tech Lab  
  51  7:53  SCV x3  
  51  7:57  Supply Depot  
  54  8:00  Supply Depot x2  
  54  8:03  Supply Depot  
  54  8:04  Supply Depot  
  54  8:08  SCV x3, Missile Turret  
  57  8:17  Barracks Reactor x2  
  57  8:18  Barracks Reactor  
  57  8:20  SCV x3  
  57  8:24  Marine  
  61  8:38  SCV x3  
  64  8:42  Marine  
  65  8:54  Marine x2  
  67  8:55  Marine  
  67  8:56  Marine  
  67  8:57  Marine x2  
  67  8:58  Marine  
  67  9:01  Marine  
  73  9:07  Supply Depot x2  
  73  9:08  Supply Depot x2  
  73  9:10  Supply Depot  
  73  9:12  Marine x2  
  73  9:13  Marine  
  73  9:14  Marine x2  
  73  9:15  Marine x2  
  73  9:16  Barracks, Command Center  
  73  9:17  Barracks  
  80  9:18  Barracks  
  80  9:19  Marine  
Tags
 
Add a new tag
Caveats
  • Supply blocks, unpowered buildings, or Contaminate may cause inaccurate times.
  • Supply counts are checked every 10 seconds.